Map: [ESL] Oceanborn

Players

Fjant - Winner!

  • Race: Zerg Zerg
  • League: Grandmaster
  • Spawn Location: 11:00

eonblu

  • Race: Zerg Zerg
  • Spawn Location: 5:00

Event: HomeStory Cup XXV

VOD

Have the link to the VOD?

Description

Time

  • Played on: June 21, 2024, 6:34 a.m.
  • Length: 4:00

All games in this series

Show
View Real Time Build Order
Export as new Build Order

Fjant Zerg - Winner!

Build Orders: Hatch First 

Get SALT Encoding   

  12  0:00  Drone  
  13  0:13  Overlord  
  13  0:17  Drone  
  14  0:32  Drone  
  14  0:33  Drone  
  16  0:48  Hatchery  
  15  0:52  Drone  
  15  0:55  Drone  
  17  0:58  Drone  
  18  1:11  Spawning Pool  
  17  1:12  Extractor  
  17  1:16  Drone  
  17  1:20  Drone  
  18  1:28  Drone  
  19  1:42  Drone  
  20  1:57  Zergling x2  
  20  2:00  Zergling x2  
  22  2:02  Zergling x2  
  23  2:12  Zergling x4  
  25  2:26  Zergling x2  
  18  2:41  Zergling x2  
  15  3:38  Zergling x2  
Show
View Real Time Build Order
Export as new Build Order

eonblu Zerg 

Build Orders: Pool Only 

Get SALT Encoding   

  12  0:18  Spawning Pool  
  11  0:21  Drone  
  11  0:26  Drone  
  13  0:31  Drone  
  14  0:39  Overlord  
  14  1:04  Zergling x4  
  14  1:05  Zergling x2  
  17  1:16  Zergling x2  
  18  1:26  Zergling x2  
  19  1:37  Zergling x2  
  20  1:47  Spine Crawler  
  18  2:01  Spine Crawler  
  18  2:03  Zergling x2  
  18  2:28  Zergling x2  
  12  2:44  Zergling x2  
  9  3:06  Zergling x2  
  8  3:22  Zergling x2  
Tags
 
Add a new tag
Caveats
  • Supply blocks, unpowered buildings, or Contaminate may cause inaccurate times.
  • Supply counts are checked every 10 seconds.